 Dungeon Crawl Stone Soup version 0.27-a0-1519-gc8121b24ce (webtiles) character file.

Game seed: 1122916702992175229

131 Essalna the Magician (level 4, -1/24 HPs)
             Began as a Deep Elf Air Elementalist on July 10, 2021.
             Slain by a phantom (4 damage)
             ... on level 4 of the Dungeon.
             The game lasted 00:05:23 (3294 turns).

Essalna the Magician (Deep Elf Air Elementalist)    Turns: 3294, Time: 00:05:23

Health: -1/24      AC:  2    Str:  5    XL:     4   Next: 91%
Magic:  3/13       EV: 12    Int: 21    God:
Gold:   93         SH:  0    Dex: 15    Spells: 8/13 levels left

rFire    . . .     SeeInvis .   b - +2 whip (drain)
rCold    . . .     Faith    .   (no shield)
rNeg     . . .     Spirit   .   a - +0 robe
rPois    .         Reflect  .   (no helmet)
rElec    .         Harm     .   (no cloak)
rCorr    .         Rampage  .   (no gloves)
Will     .....                  (no boots)
Stlth    ++........             (no amulet)
HPRegen  0.08/turn              (no ring)
MPRegen  0.13/turn              (no ring)

@: very slightly contaminated
A: no striking features
a: no special abilities


You were on level 4 of the Dungeon.
You visited 1 branch of the dungeon, and saw 4 of its levels.

You collected 93 gold pieces.

Inventory:

Hand Weapons
 b - a +2 whip of draining (weapon)
Armour
 a - a +0 robe (worn)
 f - a scarf of invisibility
 p - a +0 buckler
Magical Staves
 j - a staff of death
Jewellery
 l - a ring of flight
Wands
 n - a wand of charming (8)
Scrolls
 g - 3 scrolls of teleportation
 h - a scroll of fog {unknown}
 m - a scroll of enchant armour {unknown}
Potions
 c - a potion of haste {unknown}
 d - a potion of curing {unknown}
 e - 2 potions of degeneration {unknown}
 i - a potion of invisibility {unknown}
 k - a potion of cancellation {unknown}
 o - a potion of lignification {unknown}


   Skills:
 - Level 2.4 Dodging
 - Level 2.4 Stealth
 + Level 5.3 Spellcasting
 - Level 1.1 Conjurations
 + Level 4.5 Air Magic


You had 8 spell levels left.
You knew the following spells:

 Your Spells              Type           Power      Damage    Failure   Level
a - Shock                 Conj/Air       68%        1d7       3%          1
b - Airstrike             Air            12%        N/A       16%         4

Your spell library contained the following spells:

 Spells                   Type           Power      Damage    Failure   Level
 Static Discharge         Conj/Air       17%        N/A       4%          2
 Swiftness                Air            24%        N/A       4%          3


Dungeon Overview and Level Annotations

Branches:
Dungeon (4/15)
 Temple: D:4-7

Altars:
Kikubaaqudgha

Annotations:
D:4 3 runed translucent doors


Message History

The phantom is lightly damaged.
The zap misses the phantom.
The zap hits the phantom.
The phantom is moderately damaged.
Casting: Shock (safe; 3% risk of failure)
Confirm with . or Enter, or press ? or * to list all spells.
The spell is potentially lethal to cast (16% risk of failure)!
Continue anyway?
Aiming: Airstrike (potentially lethal; 16% risk of failure)
Press: ? - help, Dir - move target, f/p - phantom
Aim: a phantom (moderately damaged)
You miscast Airstrike.
You are very lightly contaminated with residual magic.
The wind whips around you!
Casting: Airstrike (potentially lethal; 16% risk of failure)
Confirm with . or Enter, or press ? or * to list all spells.
The spell is potentially lethal to cast (16% risk of failure)!
Continue anyway?
Aiming: Airstrike (potentially lethal; 16% risk of failure)
Press: ? - help, Dir - move target, f/p - phantom
Aim: a phantom (moderately damaged)
The air twists around and strikes the phantom!
The phantom is severely damaged.
Casting: Airstrike (potentially lethal; 16% risk of failure)
Confirm with . or Enter, or press ? or * to list all spells.
You don't have enough magic to cast this spell.
A phantom is nearby!
There is a stone staircase leading up here.
You miss the phantom.
The phantom is severely damaged.
The phantom hits you!
The phantom blinks!
You blink.
Found a sedimented amethyst potion.
Found a stone staircase leading down.
A goblin comes into view. It is wielding a +0 dagger.
The phantom hits you but does no damage.
The goblin moves out of view.
The phantom hits you!
* * * LOW HITPOINT WARNING * * *
The phantom blinks!
You blink.
You hit the phantom.
The phantom is severely damaged.
The phantom hits you.
You die...

#!# ... #.##.#
#.##.### #.##..^# #
#.##...######.#.##
#...ยง....#..g....#
#.<......W@.#
#........#..#
#.#........>..
#<#....###..#.#
#.#.........#.#
#............ .
#####.####### # #.#


You could see a phantom and a goblin (asleep).

Vanquished Creatures
  2 gnolls (D:2)
  5 adders
  A worm (D:2)
  2 dart slugs (D:1)
  An orc (D:4)
  5 ball pythons
  4 endoplasms
  4 goblins
  6 hobgoblins
  8 jackals
  2 kobolds
  5 quokkas
  5 bats
  2 frilled lizards (D:1)
  5 rats
57 creatures vanquished.

Vanquished Creatures (others)
  7 plants (D:2)
7 creatures vanquished.

Grand Total: 64 creatures vanquished

Notes
Turn   | Place    | Note
-------+----------+-------------------------------------------
     0 | D:1      | Essalna the Deep Elf Air Elementalist began the quest for
                  | the Orb.
     0 | D:1      | Reached XP level 1. HP: 10/10 MP: 6/6
     0 | D:1      | Noticed a purple draconian
     0 | D:1      | Noticed a tentacled monstrosity
     1 | D:1      | Noticed a green draconian
     6 | D:1      | Noticed an ice dragon
     6 | D:1      | Noticed a shadow dragon
     9 | D:1      | Noticed an orb of fire
    10 | D:1      | Noticed an orb of fire
    11 | D:1      | Noticed an iron dragon
    13 | D:1      | Noticed a shadow dragon
    15 | D:1      | Noticed a shadow dragon
    15 | D:1      | Noticed a tentacled monstrosity
    17 | D:1      | Noticed an ice dragon
    19 | D:1      | Noticed an ice dragon
    19 | D:1      | Noticed a red draconian
    21 | D:1      | Noticed an orb of fire
    23 | D:1      | Noticed a tentacled monstrosity
   246 | D:1      | Reached XP level 2. HP: 15/15 MP: 1/8
   849 | D:1      | Reached skill level 4 in Spellcasting
   887 | D:1      | Reached XP level 3. HP: 19/19 MP: 6/10
  1070 | D:2      | Found an ancient bone altar of Kikubaaqudgha.
  1364 | D:2      | Reached XP level 4. HP: 24/24 MP: 10/12
  1369 | D:2      | Learned a level 4 spell: Airstrike
  1720 | D:2      | Found a faded altar of an unknown god.
  2042 | D:2      | Reached skill level 5 in Spellcasting
  3244 | D:4      | Found a runed translucent gate.
  3244 | D:4      | Found a runed translucent gate.
  3244 | D:4      | Found a runed translucent gate.
  3284 | D:4      | Noticed a phantom
  3294 | D:4      | Slain by a phantom

Illustrated notes

Levels and vault maps discovered:
D:1:      shiori_arrival_whats_in_store_for_you, layout_basic, feat_on_display
D:2:      wad_woods_tower, layout_basic, basic_altar,
          hellmonk_ecumenical_altar_prayer_group
D:3:      layout_basic
D:4:      layout_loops_ring, gammafunk_ghost_icy

Skill      XL: |  1  2  3  4 |
---------------+-------------+-----
Spellcasting   | 4 5 |  5.3
Air Magic      | 4 |  4.5
Dodging        | |  2.4
Stealth        | |  2.4
Conjurations   | |  1.1

Action                   |  1- 3 |  4- 6 || total
-------------------------+-------+-------++-------
Melee: Whip              |    12 |     2 ||    14
 Cast: Shock             |    62 |    61 ||   123
       Airstrike         |       |     1 ||     1
  Use: Scroll            |       |     3 ||     3
Armor: Robe              |     3 |     1 ||     4
Dodge: Dodged            |    15 |     6 ||    21

Table legend: (Time is in decaauts)
 A = Elapsed time spent in this place.
 B = Non-inter-level travel time spent in this place.
 C = Inter-level travel time spent in this place.
 D = Time resting spent in this place.
 E = Time spent auto-exploring this place.
 F = Levels seen in this place.
 G = Mean time per level.
                   A        B        C        D        E       F      G
               +--------+--------+--------+--------+--------+-----+--------+
         Total |   3295 |   3147 |    148 |      0 |   2892 |   4 |  823.8 |
       Dungeon |   3295 |   3147 |    148 |      0 |   2892 |   4 |  823.8 |
               +--------+--------+--------+--------+--------+-----+--------+

Top non-repeatable levels by time:
     D:2: 1377 daAuts
     D:1: 1018 daAuts
     D:3: 880 daAuts
     D:4: 19 daAuts
